 Dungeon Crawl Stone Soup version 0.29.1-14-g9c671dbff4 (webtiles) character file.

Game seed: 15631096627247925884

3917 Heoruswealwe the Combatant (level 10, 0/90 HPs)
             Began as a Minotaur Fighter on Feb 13, 2023.
             Was a Follower of Okawaru.
             Slain by an orc warrior
             ... wielding a +0 war axe
              (4 damage)
             ... in a bailey.
             The game lasted 02:05:35 (8908 turns).

Heoruswealwe the Combatant (Minotaur Fighter)       Turns: 8908, Time: 02:05:36

Health: 0/90       AC: 16    Str: 22 (24) XL:     10   Next: 1%
Magic:  0/13       EV:  6    Int:  2 (4)  God:    Okawaru [*.....]
Gold:   396        SH:  5    Dex: 14      Spells: 9/9 levels left

rFire   . . .      SeeInvis .   a - +0 war axe
rCold   . . .      Faith    .   c - +0 buckler
rNeg    . . .      Spirit   +   D - +0 plate armour
rPois   .          Reflect  .   X - +0 hat
rElec   .          Harm     .   i - +1 cloak
rCorr   .          Rampage  .   S - +0 pair of gloves
Will    .....                   (no boots)
Stlth   ..........              u - amulet of guardian spirit
HPRegen 0.25/turn               T - +4 ring of protection
MPRegen 0.13/turn               (no ring)

@: studying Invocations
A: horns 2, retaliatory headbutt, agile 1, deformed body, deterioration 1, low
MP 1
a: Renounce Religion, Heroism


You were in a bailey.
You worshipped Okawaru.
Okawaru was aware of your devotion.
You visited 2 branches of the dungeon, and saw 9 of its levels.
You also visited: Sewer, Ossuary and Bailey.

You collected 495 gold pieces.
You spent 99 gold pieces at shops.

Inventory:

Hand Weapons
 a - a +0 war axe (weapon)
 g - a +0 whip
 j - a +0 war axe
 o - a +0 hand axe
 q - a +0 mace
 r - a +0 short sword
 x - a +4 quarterstaff of chaos
 B - a +0 hammer
 C - a +0 dagger
 H - a +0 war axe
 M - a +0 war axe
 O - a +0 war axe
Missiles
 f - 6 curare-tipped darts (quivered)
 h - 10 stones
 E - 8 poisoned darts
 L - 9 boomerangs
 R - 4 atropa-tipped darts
Armour
 b - a +0 ring mail
 c - a +0 buckler (worn)
 i - a +1 cloak (worn)
 l - a +0 ring mail
 p - a +0 robe
 t - a +0 scale mail
 y - a +0 cloak
 z - +0 steam dragon scales
 D - a +0 plate armour (worn)
 S - a +0 pair of gloves (worn)
 X - a +0 hat (worn)
Jewellery
 u - an amulet of guardian spirit (around neck)
 T - a +4 ring of protection (left hand)
Wands
 v - a wand of light (14)
 w - a wand of flame (15)
 N - a wand of roots (10)
 Z - a wand of polymorph (12)
Scrolls
 e - a scroll of vulnerability
 k - 3 scrolls of identify
 m - 2 scrolls of poison
 G - 3 scrolls of enchant armour
 J - 3 scrolls of teleportation
 K - 2 scrolls of brand weapon
 W - a scroll of blinking
 Y - a scroll of immolation
Potions
 d - a potion of might
 n - a potion of cancellation
 s - a potion of haste
 A - a potion of flight
 I - 3 potions of brilliance
 Q - a potion of resistance
 V - 2 potions of invisibility
Miscellaneous
 P - a condenser vane


   Skills:
 + Level 8.6 Fighting
 + Level 8.1 Axes
 + Level 8.5 Armour
 - Level 3.6 Shields
 + Level 8.8 Invocations
 + Level 5.7 Evocations


You had 9 spell levels left.
You didn't know any spells.
Your spell library contained the following spells:

 Spells                   Type           Power      Damage    Failure   Level
 Freeze                   Ice            0%         1d3       100%        1
 Frozen Ramparts          Ice            0%         1d1       100%        3
 Gell's Gravitas          Tloc           0%         N/A       100%        3
 Teleport Other           Tloc           0%         N/A       100%        3
 Anguish                  Hex/Necr       0%         N/A       100%        4
 Hailstorm                Conj/Ice       0%         3d3       100%        4
 Fireball                 Conj/Fire      0%         3d3       100%        5
 Iskenderun's Battlesphe  Conj           0%         2d6       100%        5
 Conjure Ball Lightning   Conj/Air       0%         3x3d6     100%        6
 Dispersal                Tloc           0%         N/A       100%        6
 Enfeeble                 Hex            0%         N/A       100%        7
 Orb of Destruction       Conj           0%         9d5       100%        7


Dungeon Overview and Level Annotations

Branches:
Dungeon (8/15)             Temple (1/1) D:7           Sewer (visited)
Ossuary (visited)          Bailey (1/1)
   Lair: D:8-11

Altars:
Ashenzari
Cheibriados
Dithmenos
Elyvilon
Fedhas
Gozag
Hepliaklqana
Kikubaaqudgha
Makhleb
Nemelex Xobeh
Okawaru
Qazlal
Ru
Sif Muna
Trog
Uskayaw
Vehumet
Wu Jian
Xom
Yredelemnul
Zin
The Shining One

Shops:
D:3 *=[


Innate Abilities, Weirdness & Mutations

You have a pair of horns on your head.
You reflexively headbutt those who attack you in melee.
You are agile. (Dex +4, Str/Int -1)
Armour fits poorly on your strangely shaped body.
Your body sometimes deteriorates upon taking damage.
Your magical capacity is low. (-10% MP)


Message History

You hit the kobold brigand. You headbutt the kobold brigand!
You kill the kobold brigand!
Okawaru accepts your kill.
You hit the orc warrior but do no damage.
The kobold brigand throws a poisoned dart.
The poisoned dart closely misses you.
The orc warrior hits you but does no damage.
You have reached level 10!
You hit the orc warrior but do no damage.
You headbutt the orc warrior.
The orc warrior is moderately wounded.
You hit the orc warrior.
The orc warrior hits you with a +0 war axe.
* * * LOW HITPOINT WARNING * * *
The orc warrior unwields the +4 longbow of the Distant Future {venom, rCorr Int+4 SInv}.
It stops dripping with poison.
The orc warrior wields a +0 war axe.
The orc warrior hits you but does no damage.
You barely miss the orc warrior. You headbutt the orc warrior.
The orc warrior is moderately wounded.
You hit the orc warrior but do no damage.
The orc warrior hits you with a +0 war axe.
* * * LOW HITPOINT WARNING * * *
The orc warrior hits you with a +0 war axe.
* * * LOW HITPOINT WARNING * * *
The orc warrior hits you with a +0 war axe!
* * * LOW HITPOINT WARNING * * *
Your body deteriorates!
You feel weakened.
You slash the orc warrior! You headbutt the orc warrior.
The orc warrior is severely wounded.
You hit the orc warrior but do no damage.
The orc warrior closely misses you.
The orc warrior hits you but does no damage.
You hit the orc warrior but do no damage.
The orc warrior is severely wounded.
You hit the orc warrior but do no damage.
The orc warrior hits you but does no damage.
The orc warrior hits you with a +0 war axe.
* * * LOW HITPOINT WARNING * * *
The orc warrior hits you with a +0 war axe.
You die...

#.###~~.......~~###.#
#....~~.......~~....#
#####~~.......~~#####
##~.......~##
####'''#### ##.....##
#∩.....∩# #...8...#
##.@o..## ###o###
...# ...... ........
...........
............
.K...........


You could see 2 orc warriors.

Vanquished Creatures
  Pikel (D:6)
  2 steam dragons (D:8)
  Menkaure (D:7)
  Pargi (Sewer)
  Duvessa (D:7)
  2 orc warriors
  A black bear (D:8)
  2 ogres (D:5)
  A phantom (D:4)
  3 lemures (D:6)
  4 kobold brigands (Bailey)
  7 elf zombies (Ossuary)
  3 bullfrogs (D:7)
  2 scorpions
  4 wights (D:4)
  Dowan (D:7)
  3 killer bees (D:7)
  A howler monkey (D:4)
  3 hounds
  2 centaur zombies (Ossuary)
  2 orc priests
  3 jellies
  Crazy Yiuf (D:7)
  3 human zombies (Ossuary)
  A gnoll bouda (D:6)
  4 iguanas
  6 orc wizards
  3 mummies (Ossuary)
  7 adders
  7 gnolls
  A river rat (D:6)
  2 white imps
  9 dart slugs (D:3)
  22 orcs
  6 ball pythons
  8 endoplasms
  4 giant cockroaches
  7 goblins
  4 hobgoblins
  5 quokkas
  2 bats
  5 frilled lizards
  10 kobolds
  6 rats
  A bush (D:7)
174 creatures vanquished.

Vanquished Creatures (others)
  4 fungi (D:7)
  8 plants (D:7)
12 creatures vanquished.

Grand Total: 186 creatures vanquished

Notes
Turn   | Place    | Note
-------+----------+-------------------------------------------
     0 | D:1      | Heoruswealwe the Minotaur Fighter began the quest for the
                  | Orb.
     0 | D:1      | Reached XP level 1. HP: 19/19 MP: 0/0
   333 | D:1      | Reached XP level 2. HP: 27/27 MP: 1/1
   800 | D:2      | Reached skill level 1 in Invocations
   800 | D:2      | Reached XP level 3. HP: 14/33 MP: 2/2
   810 | D:2      | Reached skill level 1 in Evocations
  1182 | D:2      | Found a faded altar of an unknown god.
  1199 | D:2      | Prayed at the altar of an unknown god.
  1199 | D:2      | Became a worshipper of Vehumet
  1199 | D:2      | Reached * piety under Vehumet
  1199 | D:2      | Offered knowledge of Shock by Vehumet.
  1200 | D:2      | Fell from the grace of Vehumet
  1455 | D:1      | You fall into a shaft and drop 1 floor!
  1503 | D:3      | Found Beluduro's Jewellery Emporium.
  1507 | D:3      | Reached XP level 4. HP: 40/40 MP: 4/4
  2160 | D:3      | Found Luril's Assorted Antiques.
  2444 | D:3      | Found Vaidit's Armour Shop.
  2823 | D:3      | Reached XP level 5. HP: 43/47 MP: 5/5
  3056 | D:3      | Identified a scroll of acquirement
  3058 | D:3      | Acquired a manual of Invocations
  3132 | D:3      | Bought a scroll labelled BASTOM XELIASO for 33 gold pieces
  3132 | D:3      | Bought a scroll labelled FOUVEN VOENIUPH for 33 gold pieces
  3132 | D:3      | Bought a scroll labelled LORARCH CAPIYNN for 33 gold pieces
  3322 | D:4      | Reached XP level 6. HP: 18/55 MP: 5/7
  3331 | D:4      | Reached skill level 5 in Fighting
  3331 | D:4      | Reached skill level 5 in Armour
  3334 | D:4      | Identified the +0 leather armour of Sesosm {Dex+3}
  3872 | D:4      | Reached XP level 7. HP: 60/61 MP: 8/8
  4190 | D:4      | Found a hazy altar of Hepliaklqana.
  4191 | D:4      | Found a blossoming altar of Fedhas.
  4414 | D:4      | Found a sparkling altar of Nemelex Xobeh.
  4422 | D:4      | Found an opulent altar of Gozag.
  4449 | D:4      | Was forgiven by Vehumet
  4496 | D:4      | Found a white marble altar of Elyvilon.
  4501 | D:4      | Found a bloodstained altar of Trog.
  4505 | D:4      | Found a hide-covered altar of Uskayaw.
  4507 | D:4      | Found a burning altar of Makhleb.
  4590 | D:5      | Entered Level 5 of the Dungeon
  4653 | D:5      | Reached skill level 5 in Axes
  4697 | D:5      | Reached skill level 5 in Invocations
  5514 | D:6      | Reached XP level 8. HP: 26/70 MP: 3/11
  5531 | D:6      | Found a glowing drain.
  5578 | Sewer    | Entered a sewer
  5617 | Sewer    | Noticed Pargi
  5628 | Sewer    | Killed Pargi
  5713 | D:6      | Found a sand-covered staircase.
  5719 | Ossuary  | Entered an ossuary
  6026 | D:6      | Noticed Pikel
  6049 | D:6      | Killed Pikel
  6050 | D:6      | Reached XP level 9. HP: 43/79 MP: 7/13
  6282 | D:2      | Gained mutation: Your magical capacity is low. (-10% MP)
                  | [potion of mutation]
  6282 | D:2      | Gained mutation: Your body sometimes deteriorates upon
                  | taking damage. [potion of mutation]
  6282 | D:2      | Gained mutation: Armour fits poorly on your strangely
                  | shaped body. [potion of mutation]
  6282 | D:2      | Gained mutation: You are agile. (Dex +4, Str/Int -1)
                  | [potion of mutation]
  6890 | D:6      | Found a snail-covered altar of Cheibriados.
  7439 | D:7      | Found an iron altar of Okawaru.
  7439 | D:7      | Noticed Menkaure
  7442 | D:7      | Noticed Duvessa
  7443 | D:7      | Noticed Dowan
  7445 | D:7      | Reached skill level 5 in Evocations
  7454 | D:7      | Killed Duvessa
  7455 | D:7      | Killed Menkaure
  7462 | D:7      | Killed Dowan
  7477 | D:7      | Became a worshipper of Warmaster Okawaru
  7518 | D:7      | Found a staircase to the Ecumenical Temple.
  8116 | Temple   | Entered the Ecumenical Temple
  8530 | D:7      | Found a runed translucent door.
  8531 | D:7      | Noticed Crazy Yiuf
  8535 | D:7      | Killed Crazy Yiuf
  8701 | D:8      | Found a flagged portal.
  8727 | Bailey   | Entered a bailey
  8751 | Bailey   | Reached * piety under Okawaru
  8894 | Bailey   | Identified the +4 longbow of the Distant Future {venom,
                  | rCorr Int+4 SInv}
  8905 | Bailey   | Reached XP level 10. HP: 28/90 MP: 3/13
  8908 | Bailey   | HP: 4/90 [orc warrior/+0 war axe (1)]
  8908 | Bailey   | Slain by an orc warrior

Illustrated notes

Levels and vault maps discovered:
D:1:      kennysheep_arrival_forest, layout_loops_cross
D:2:      layout_basic, ebering_ecumenical_altar_sacrificial,
          kennysheep_flooded_box
D:3:      kennysheep_slugbush, layout_basic, serial_shops, nicolae_shop_crystal,
          nicolae_shop_stone, nicolae_shop_statue_plus
D:4:      layout_loops_corners, lemuel_crystal_altar,
          nicolae_overflow_hallway_of_the_gods
D:5:      layout_rooms
D:6:      layout_basic, cheibriados_altar_1, portal_sewer_entry_a,
          serial_corexii_hall, corexii_hall_statues_deadend,
          corexii_hall_statues_x, nicolae_ossuary_entry_plus, uniq_pikel
D:7:      layout_basic, okawaru_gym_becter, minmay_temple_entry_gardened_gates,
          nicolae_sextant, uniq_menkaure, uniq_crazy_yiuf_cottage, uniq_duvessa
D:8:      layout_loops_corners, enter_bailey_6, minmay_misc_feat_secret_circle,
          corexii_corridor_pit, minmay_misc_feat_enclosed,
          kennysheep_another_room
Temple:   nicolae_temple_no_exploring_needed
Bailey:   bailey_axe_3, bailey

Skill      XL: |  1  2  3  4  5  6  7  8  9 |
---------------+----------------------------+-----
Armour         | 4 5 6 7 8 |  8.5
Fighting       | 4 5 6 7 8 |  8.6
Invocations    | 1 3 5 7 8 |  8.8
Axes           | 3 4 5 6 8 |  8.1
Evocations     | 1 2 3 4 5 |  5.7
Shields        | |  3.6

Action                   |  1- 3 |  4- 6 |  7- 9 | 10-12 || total
-------------------------+-------+-------+-------+-------++-------
Melee: War axe           |    58 |   100 |   409 |     4 ||   571
       Headbutt          |    10 |    19 |   101 |     3 ||   133
Invok: Renounce Religion |     1 |       |       |       ||     1
  Use: Scroll            |       |     5 |     9 |       ||    14
       Potion            |       |       |    16 |       ||    16
Armor: Scale mail        |    18 |    45 |    12 |       ||    75
       Plate armour      |       |       |   309 |     3 ||   312
Dodge: Dodged            |    20 |    53 |   140 |     1 ||   214
Block: Buckler           |    12 |    33 |    82 |       ||   127
